Map: Moonlight Madness LE (Void)

Players

wabbajack - Winner!

  • Race: Zerg Zerg
  • League: Gold

alibaba

  • Race: Protoss Protoss
  • League: Grandmaster

VOD

Have the link to the VOD?

Description

Time

  • Played on: July 19, 2015, 10:45 p.m.
  • Length: 16:16
Show
View Real Time Build Order
Export as new Build Order

wabbajack Zerg - Winner!

Build Orders: Hatch First, Lurkers 

Get SALT Encoding   

  12  0:01  Drone  
  13  0:14  Overlord  
  13  0:21  Drone  
  13  0:27  Extractor  
  13  0:28  Drone  
  15  0:36  Drone x2  
  17  0:56  Hatchery  
  16  1:02  Extractor  
  15  1:13  Drone  
  15  1:14  Spawning Pool  
  15  1:17  Drone  
  16  1:21  Drone  
  17  1:28  Drone  
  18  1:35  Drone  
  19  1:52  Drone  
  20  2:00  Queen  
  22  2:11  Zergling x2  
  22  2:12  Queen  
  22  2:13  Overlord  
  22  2:15  Zergling x2  
  26  2:20  Metabolic Boost  
  26  2:33  Zergling x2  
  26  2:34  Zergling x2  
  28  2:37  Zergling x2  
  29  2:51  Pneumatized Carapace  
  29  2:54  Drone x2  
  29  2:55  Drone  
  32  2:58  Extractor  
  31  3:40  Baneling Nest  
  31  3:41  Roach Warren, Drone  
  29  3:42  Drone x4  
  29  3:44  Drone  
  29  3:45  Overlord x2  
  29  3:46  Overlord  
  35  3:54  Spine Crawler  
  29  4:24  Zergling x6  
  29  4:25  Zergling x8  
  29  4:26  Zergling x2  
  29  4:29  Drone  
  29  4:30  Drone x6  
  44  4:33  Spore Crawler  
  44  4:35  Spore Crawler  
  42  4:38  Spine Crawler  
  42  4:40  Drone  
  42  4:47  Lair  
  42  5:15  Drone x3  
  42  5:16  Drone x2  
  42  5:17  Evolution Chamber  
  42  5:18  Overlord  
  42  5:20  Drone x3  
  42  5:21  Drone x3  
  50  5:24  Extractor  
  50  5:26  Extractor  
  42  5:57  Drone x3  
  42  5:58  Drone x3  
  42  5:59  Overlord x5  
  42  6:02  Zerg Missile Weapons Level 1  
  42  6:03  Glial Reconstitution  
  48  6:07  Hydralisk Den  
  47  6:21  Drone x2  
  47  6:22  Lurker Den  
  49  6:30  Hatchery  
  49  6:32  Roach x4  
  58  6:33  Roach x2  
  60  6:52  Overseer  
  60  6:57  Drone  
  61  7:03  Evolution Chamber  
  60  7:12  Hydralisk x6  
  72  7:16  Roach, Extractor  
  72  7:17  Overlord, Roach x3  
  79  7:23  Overlord  
  80  7:30  Drone x3  
  80  7:32  Drone x3  
  85  7:41  Extractor  
  85  7:43  Queen  
  86  7:53  Zerg Ground Armor Level 1  
  86  7:56  Zerg Missile Weapons Level 2  
  86  8:06  Lurker x4  
  86  8:09  Drone x2  
  86  8:10  Drone x7  
  99  8:13  Drone  
  99  8:17  Overlord  
  99  8:18  Drone x2  
  102  8:20  Drone  
  102  8:22  Drone  
  104  8:27  Drone  
  104  8:29  Drone  
  104  8:31  Overlord x2  
  106  8:47  Hydralisk x3, Roach  
  106  8:48  Roach x2  
  118  9:00  Spore Crawler  
  118  9:02  Drone, Spine Crawler  
  117  9:03  Drone x2, Spine Crawler  
  117  9:04  Overlord x2  
  107  9:32  Overseer  
  107  9:34  Overseer  
  107  9:44  Hydralisk x5, Roach  
  107  9:45  Hydralisk x2, Roach x6  
  135  9:46  Roach  
  135  9:49  Burrow  
  137  9:54  Tunneling Claws  
  137  9:56  Infestation Pit  
  136  10:00  Spire  
  137  10:14  Lurker x4  
  130  10:42  Zergling x8  
  134  10:43  Zergling x8  
  119  11:59  Overseer x3  
  111  12:13  Roach x9  
  109  12:35  Hydralisk x3  
  109  12:36  Hydralisk x2, Roach x5  
  129  12:38  Overlord x2  
  129  12:39  Overlord x7  
  129  12:40  Overlord  
  129  12:42  Overlord x2  
  96  13:07  Hatchery  
  96  13:12  Hatchery  
  80  13:15  Hatchery  
  74  13:20  Hydralisk x2  
  74  13:21  Hydralisk x6, Roach x5  
  74  13:22  Roach x4  
  88  13:48  Mutalisk  
  88  13:49  Mutalisk x7  
  69  14:34  Drone  
  69  14:35  Drone  
  69  14:36  Drone  
  67  15:08  Spawning Pool  
  67  15:09  Spawning Pool  
  67  15:13  Spawning Pool  
  57  15:48  Roach  
  57  15:57  Drone  
Show
View Real Time Build Order
Export as new Build Order

alibaba Protoss 

Build Orders:  

Get SALT Encoding   

  12  0:01  Probe  
  13  0:14  Pylon  
  13  0:17  Probe  
  14  0:32  Probe (Chrono Boost)  
  15  0:36  Gateway  
  15  0:42  Probe (Chrono Boost)  
  16  0:47  Assimilator  
  16  0:49  Probe  
  17  0:55  Assimilator  
  17  1:02  Probe (Chrono Boost)  
  19  1:12  Probe (Chrono Boost)  
  19  1:13  Forge  
  19  1:19  Probe  
  19  1:25  Gateway  
  20  1:31  Probe, Pylon  
  21  1:43  Probe  
  21  1:46  Photon Cannon  
  22  1:59  Probe (Chrono Boost)  
  23  2:15  Probe (Chrono Boost)  
  24  2:18  Gateway  
  24  2:22  Cybernetics Core  
  24  2:27  Gateway  
  24  2:40  Protoss Ground Weapons Level 1 (Chrono Boost)  
  24  2:58  Warp Gate (Chrono Boost)  
  24  3:02  Mothership Core  
  26  3:07  Nexus  
  26  3:14  Pylon  
  26  3:23  Probe  
  27  3:29  Twilight Council  
  27  3:33  Pylon  
  27  3:35  Probe  
  28  3:42  Photon Cannon  
  28  4:00  Probe  
  29  4:04  Pylon  
  29  4:15  Probe (Chrono Boost)  
  26  4:25  Probe (Chrono Boost)  
  26  4:32  Probe  
  27  4:39  Probe  
  27  4:44  Probe  
  29  4:47  Charge (Chrono Boost)  
  29  4:50  Protoss Shields Level 1 (Chrono Boost)  
  29  4:51  Probe  
  30  4:56  Probe  
  31  5:03  Probe  
  31  5:04  Assimilator  
  31  5:06  Zealot x2  
  36  5:08  Probe, Assimilator  
  37  5:15  Probe  
  37  5:16  Pylon  
  37  5:20  Probe, Zealot  
  41  5:27  Probe  
  42  5:42  Stalker x3  
  48  6:04  Probe (Chrono Boost), Zealot  
  51  6:09  Pylon  
  51  6:11  Pylon  
  51  6:14  Probe (Chrono Boost)  
  51  6:15  Probe (Chrono Boost), Photon Cannon  
  53  6:21  Probe (Chrono Boost)  
  53  6:23  Probe (Chrono Boost), Zealot x3  
  53  6:24  Zealot  
  63  6:29  Probe  
  64  6:34  Gateway  
  64  6:36  Gateway  
  64  6:39  Gateway  
  64  6:42  Gateway  
  64  6:46  Photon Cannon  
  64  6:51  Protoss Ground Weapons Level 2 (Chrono Boost)  
  64  6:52  Zealot  
  64  6:53  Zealot x2  
  70  6:56  Zealot  
  72  7:06  Probe (Chrono Boost)  
  73  7:13  Zealot x3  
  80  7:16  Probe (Chrono Boost), Zealot  
  82  7:23  Probe  
  83  7:39  Probe (Chrono Boost)  
  83  7:41  Pylon  
  83  7:43  Blink  
  84  7:49  Probe (Chrono Boost)  
  84  7:50  Dark Shrine  
  85  8:01  Stalker x2  
  85  8:02  Stalker x2  
  85  8:03  Stalker x2  
  85  8:04  Stalker  
  85  8:05  Stalker  
  100  8:11  Pylon  
  100  8:29  Sentry  
  100  8:31  Zealot x2  
  100  8:33  Sentry  
  108  8:45  Pylon  
  108  8:47  Pylon  
  108  8:49  Pylon  
  108  8:51  Protoss Ground Armor Level 1 (Chrono Boost)  
  108  8:53  Nexus  
  108  9:09  Pylon  
  102  9:23  Sentry  
  102  9:24  Sentry, Stalker  
  94  9:25  Stalker x3  
  100  9:42  Robotics Facility  
  100  9:43  Photon Cannon  
  100  9:45  Dark Templar x2  
  104  9:46  Photon Cannon  
  104  9:49  Dark Templar  
  100  10:17  Stalker x2  
  100  10:18  Stalker x2  
  94  10:31  Zealot x3  
  96  10:53  Observer (Chrono Boost)  
  97  11:08  Observer (Chrono Boost)  
  98  11:25  Dark Templar x2  
  102  11:41  Nexus  
  102  11:45  Assimilator  
  99  11:49  Assimilator  
  99  11:52  Pylon  
  99  11:54  Observer  
  95  11:56  Pylon  
  95  11:58  Pylon  
  95  12:01  Pylon  
  93  12:17  Mothership Core (Chrono Boost)  
  93  12:18  Zealot  
  93  12:19  Zealot x3  
  93  12:20  Dark Templar x4  
  105  12:47  Dark Templar x2  
  88  13:35  Forge  
  88  13:38  Forge  
  26  14:39  Forge, Pylon  
  26  14:44  Pylon  
  24  14:50  Assimilator  
  24  14:54  Assimilator  
  17  15:30  Nexus  
  14  16:02  Pylon  
Tags
 
Add a new tag
Caveats
  • Supply blocks, unpowered buildings, or Contaminate may cause inaccurate times.
  • Supply counts are checked every 10 seconds.